 Dungeon Crawl Stone Soup version 0.31-a0-1540-g5a0b83f448 (webtiles) character file.

Game seed: 530443071124431790

5238 jasper the Fighter (level 10, -11/85 HPs)
             Began as a Demonspawn Cinder Acolyte on Jan 1, 2024.
             Was a High Priest of Ignis.
             Mangled by a two-headed ogre
             ... wielding a +0 giant club
              (15 damage)
             ... on level 7 of the Dungeon.
             The game lasted 00:11:51 (6020 turns).

jasper the Fighter (Demonspawn Cinder Acolyte)      Turns: 6020, Time: 00:11:52

Health: -11/85     AC: 17    Str: 18    XL:     10   Next: 35%
Magic:  11/11      EV:  5    Int: 15    God:    Ignis [*****.]
Gold:   387        SH: 13    Dex: 12    Spells: 11/11 levels left

rFire   + +          .
                       - Unarmed
rCold   . . .        n - +0 tower shield
rNeg    + . .        s - +2 chain mail {rF+}
rPois   .            (no helmet)
rElec   .            A - +2 cloak
rCorr   +            f - +1 pair of gloves {Dex+3}
SInv    .            J - +1 pair of boots {rampage}
Will    .....        C - amulet of regeneration Stlth
                     m - ring of positive energy
HPRegen 1.14/turn    l - ring of Moderation {Wiz rCorr Stlth+}
MPRegen 0.12/turn

%: rampage, wizardry (x1)
@: studying Fighting
A: powered by death 2, spiny 2, sturdy frame 1, demonic touch 1
a: Renounce Religion, Fiery Armour, Foxfire Swarm, Rising Flame


You were on level 7 of the Dungeon.
You worshipped Ignis.
Ignis was extremely pleased with you.
You visited 1 branch of the dungeon, and saw 7 of its levels.
You also visited: Sewer and Bailey.

You collected 387 gold pieces.

Inventory:

Missiles
 b - 6 javelins
 g - 61 stones
 h - 26 poisoned darts
 y - 6 boomerangs (quivered)
Armour
 a - a +0 robe
 c - a +0 chain mail
 e - a +0 ring mail
 f - a +1 pair of gloves of dexterity (worn)
 j - a +3 scale mail of poison resistance
 n - a +0 tower shield (worn)
 s - a +2 chain mail of fire resistance (worn)
 A - a +2 cloak (worn)
 J - a +1 pair of boots of rampaging (worn)
Jewellery
 l - the ring of Moderation (right hand) {Wiz rCorr Stlth+}
   (You found it on level 3 of the Dungeon)

   [ring of wizardry]

   Wiz:       It improves your spell success rate.
   rCorr:     It protects you from acid and corrosion.
   Stlth+:    It makes you more stealthy.
 m - a ring of positive energy (left hand)
 C - an amulet of regeneration (around neck)
Wands
 q - a wand of light (7)
 r - a wand of flame (25)
 x - a wand of mindburst (5)
Scrolls
 u - a scroll of poison
 w - 2 scrolls of fog
 D - 2 scrolls of fear
 E - 2 scrolls of enchant weapon
 F - a scroll of blinking
 H - a scroll of summoning {unknown}
 I - a scroll of identify
Potions
 d - a potion of brilliance
 i - 2 potions of might
 k - 2 potions of enlightenment
 o - 2 potions of lignification
 p - 3 potions of attraction
 t - a potion of degeneration {unknown}
 v - 2 potions of invisibility {unknown}
 z - a potion of curing {unknown}
 B - 3 potions of berserk rage {unknown}
 G - a potion of haste {unknown}


   Skills:
 - Level 10.0 Fighting
 + Level 5.7 Shields
 - Level 10.0 Unarmed Combat
 - Level 1.0 Spellcasting
 - Level 2.6 Fire Magic


You had 11 spell levels left.
You didn't know any spells.
Your spell library contained the following spells:

 Spells                   Type           Power      Damage    Failure   Level
 Scorch                   Fire           16%        2d5       88%         2
 Shock                    Conj/Air       0%         1d3       98%         1
 Slow                     Hex            0%         N/A       98%         1
 Call Imp                 Summ           0%         N/A       99%         2
 Sublimation of Blood     Necr           0%         N/A       99%         2
 Call Canine Familiar     Summ           0%         N/A       100%        3
 Confusing Touch          Hex            0%         N/A       100%        3
 Sigil of Binding         Hex            0%         N/A       100%        3
 Swiftness                Air            0%         N/A       100%        3
 Vampiric Draining        Necr           0%         2d6       100%        3
 Airstrike                Air            0%         2d(0-16)  100%        4
 Dimensional Bullseye     Hex/Tloc       0%         N/A       100%        4
 Summon Blazeheart Golem  Fire/Summ      4%         N/A       100%        4
 Vhi's Electric Charge    Tloc/Air       0%         N/A       100%        4
 Arcjolt                  Conj/Air       0%         1d10      100%        5
 Plasma Beam              Fire/Air       2%         2x1d12    100%        6
 Orb of Destruction       Conj           0%         9d5       100%        7
 Spellforged Servitor     Conj/Summ      0%         N/A       100%        7
 Summon Hydra             Summ           0%         N/A       100%        7


Dungeon Overview and Level Annotations

Branches:
Dungeon (7/15)             Temple (0/1) D:5           Sewer (visited)
 Bailey (visited)

Altars:


Innate Abilities, Weirdness & Mutations

You regenerate health from kills.
You are mostly covered in sharp spines.
Your movements are slightly less encumbered by armour. (ER -2)
Your touch may inflict minor irresistible damage on your foes.


Message History

You hit the two-headed ogre.
The two-headed ogre is heavily wounded.
The two-headed ogre hits you but does no damage.
You block the two-headed ogre's attack.
You barely miss the two-headed ogre.
The two-headed ogre is heavily wounded.
You regained 2 hp, and now have 53/85 hp.
You hit the two-headed ogre.
The two-headed ogre is heavily wounded.
You block the two-headed ogre's attack. x2
You punch the two-headed ogre!
The two-headed ogre is almost dead.
The two-headed ogre is struck by your spines.
The two-headed ogre barely misses you.
The two-headed ogre hits you but does no damage.
You hit the two-headed ogre but do no damage.
The two-headed ogre is almost dead.
The two-headed ogre hits you with a +0 giant club!
The two-headed ogre hits you with a +0 giant club!!
* * * LOW HITPOINT WARNING * * *
You take 37 damage, and have 18/85 hp.
MASSIVE DAMAGE!!
You hit the two-headed ogre but do no damage.
The two-headed ogre is almost dead.
You regained 2 hp, and now have 20/85 hp.
You barely miss the two-headed ogre.
The two-headed ogre is almost dead.
The two-headed ogre hits you with a +0 giant club.
* * * LOW HITPOINT WARNING * * *
You block the two-headed ogre's attack.
You hit the two-headed ogre but do no damage.
The two-headed ogre is almost dead.
The two-headed ogre barely misses you.
The two-headed ogre hits you with a +0 giant club!!
* * * LOW HITPOINT WARNING * * *
You take 17 damage, and have 3/85 hp.
You barely miss the two-headed ogre.
The two-headed ogre is almost dead.
You block the two-headed ogre's attack.
The two-headed ogre hits you with a +0 giant club!
You die...

#.# #..# #.#
#..####### # ..#
#.....##.. .#
..####.....#.# .#
.<.........#.#
####.#
...#######.#.#
..O[#####
...#...%.....###
#........
...#######.....###.#
...## #####..@O.#
.......# #######
.#.###.# ...# ....#
.##.# ....# ### . #


You could see a two-headed ogre.

Vanquished Creatures
  An orc warlord (Bailey)
  Prince Ribbit (D:7)
  2 water moccasins
  An ice beast (D:6)
  2 black bears
  13 orc warriors (Bailey)
  2 sky beasts
  2 ogres
  2 centaurs
  A phantom (D:5)
  3 kobold brigands
  2 bullfrogs (D:7)
  A scorpion (D:4)
  5 wights (D:6)
  2 howler monkeys (D:7)
  A bombardier beetle (D:7)
  3 hounds
  2 jellies (D:6)
  Crazy Yiuf (D:3)
  2 gnoll boudas
  An iguana (D:4)
  7 orc priests
  Jessica (D:3)
  Ijyb (D:3)
  Natasha (thrice) (D:3)
  Terence (D:2)
  2 orc wizards
  15 gnolls
  11 adders
  A river rat (Sewer)
  2 shadow imps
  3 white imps
  2 ufetubi (D:7)
  5 dart slugs
  3 ribbon worms
  39 orcs
  3 ball pythons
  4 bats
  4 endoplasms
  5 giant cockroaches
  21 goblins
  14 hobgoblins
  16 jackals
  2 quokkas
  3 frilled lizards
  12 kobolds
  7 rats
237 creatures vanquished.

Notes
Turn   | Place    | Note
-------+----------+-------------------------------------------
     0 | D:1      | jasper the Demonspawn Cinder Acolyte began the quest for
                  | the Orb.
     0 | D:1      | Reached XP level 1. HP: 18/18 MP: 2/2
   125 | D:1      | Gained mutation: You are partially covered in sharp spines.
                  | [demonic ancestry]
   125 | D:1      | Reached XP level 2. HP: 15/24 MP: 3/3
   329 | D:1      | Found a faded altar of an unknown god.
   621 | D:1      | Reached XP level 3. HP: 29/29 MP: 4/4
  1115 | D:2      | Noticed Terence
  1140 | D:2      | Killed Terence
  1307 | D:2      | Reached XP level 4. HP: 33/37 MP: 5/5
  1900 | D:3      | Noticed Natasha
  1914 | D:3      | Killed Natasha
  1925 | D:3      | Identified the ring of Moderation {Wiz rCorr Stlth+}
  1951 | D:3      | Noticed Natasha
  1960 | D:3      | Killed Natasha
  1961 | D:3      | Reached XP level 5. HP: 28/43 MP: 6/6
  2054 | D:3      | Noticed Ijyb
  2073 | D:3      | Killed Ijyb
  2244 | D:3      | Noticed Natasha
  2252 | D:3      | Killed Natasha
  2253 | D:3      | Reached skill level 5 in Fighting
  2331 | D:3      | Noticed Jessica
  2341 | D:3      | Killed Jessica
  2772 | D:3      | Found a runed translucent door.
  2773 | D:3      | Noticed Crazy Yiuf
  2898 | D:3      | Killed Crazy Yiuf
  2899 | D:3      | Gained mutation: You regenerate a little health from kills.
                  | [demonic ancestry]
  2899 | D:3      | Reached XP level 6. HP: 20/51 MP: 7/7
  3153 | D:4      | Reached skill level 5 in Unarmed Combat
  3309 | D:4      | Gained mutation: You regenerate health from kills. [demonic
                  | ancestry]
  3309 | D:4      | Reached XP level 7. HP: 16/58 MP: 8/8
  3689 | D:5      | Entered Level 5 of the Dungeon
  3698 | D:5      | Found a staircase to the Ecumenical Temple.
  3747 | D:5      | Found a glowing drain.
  3778 | Sewer    | Entered a sewer
  3861 | Sewer    | Gained mutation: You are mostly covered in sharp spines.
                  | [demonic ancestry]
  3861 | Sewer    | Reached XP level 8. HP: 67/67 MP: 9/9
  4694 | D:6      | Gained mutation: Your movements are slightly less
                  | encumbered by armour. (ER -2) [demonic ancestry]
  4694 | D:6      | Reached XP level 9. HP: 75/75 MP: 10/10
  5377 | D:7      | Noticed Prince Ribbit
  5393 | D:7      | Killed Prince Ribbit
  5394 | D:7      | Reached skill level 10 in Fighting
  5405 | D:7      | Found a flagged portal.
  5426 | Bailey   | Entered a bailey
  5538 | Bailey   | Reached skill level 10 in Unarmed Combat
  5548 | Bailey   | Reached skill level 1 in Shields
  5615 | Bailey   | Gained mutation: Your touch may inflict minor irresistible
                  | damage on your foes. [demonic ancestry]
  5615 | Bailey   | Reached XP level 10. HP: 37/85 MP: 11/11
  5698 | Bailey   | Noticed an orc warlord
  5726 | Bailey   | Killed an orc warlord
  5727 | Bailey   | Reached skill level 5 in Shields
  5781 | Bailey   | Acquired a manual of Fighting
  6004 | D:7      | Noticed a two-headed ogre
  6019 | D:7      | HP: 3/85 [two-headed ogre/+0 giant club (18)]
  6020 | D:7      | Mangled by a two-headed ogre

Illustrated notes

Levels and vault maps discovered:
D:1:      evilmike_arrival_grusome_pit, layout_loops_ring,
          hellmonk_ecumenical_altar_defaced_shrine
D:2:      layout_basic, uniq_terence
D:3:      layout_basic, uniq_natasha, uniq_ijyb, uniq_jessica,
          uniq_crazy_yiuf_cottage
D:4:      layout_rooms
D:5:      layout_gridville, minmay_temple_entry_stoned_glass,
          gup_sewer_entry_glass
D:6:      layout_rooms, minmay_quadrilaterals
D:7:      layout_basic, enter_bailey_4, nicolae_shop_i_like_small_books_too,
          uniq_prince_ribbit1

Skill      XL: |  1  2  3  4  5  6  7  8  9 10 |
---------------+-------------------------------+-----
Unarmed Combat | 3 4 5 6 8 10 | 10.0
Fighting       | 4 5 6 7 8 10 | 10.0
Shields        | 2 5 |  5.7
Spellcasting   | |  1.0
Fire Magic     | |  2.6

Action                     |  1- 3 |  4- 6 |  7- 9 | 10-12 || total
---------------------------+-------+-------+-------+-------++-------
  Melee: Unarmed           |    69 |   106 |   308 |    49 ||   532
         Punch             |     2 |     2 |    15 |     1 ||    20
         Touch             |       |       |       |     1 ||     1
  Throw: Javelin           |     3 |     5 |       |       ||     8
         Boomerang         |    10 |    32 |     9 |       ||    51
         Dart              |     1 |       |     3 |       ||     4
 Invoke: Fiery Armour      |     1 |       |       |     1 ||     2
  Evoke: Wand              |       |     3 |     2 |     2 ||     7
    Use: Scroll            |     2 |     2 |    13 |     1 ||    18
         Potion            |       |     1 |       |     4 ||     5
   Stab: Invisible         |       |       |       |     1 ||     1
 Armour: Robe              |     6 |       |       |       ||     6
         Chain mail        |    27 |       |    98 |    36 ||   161
         Ring mail         |     8 |       |       |       ||     8
         Scale mail        |     3 |    84 |   152 |       ||   239
         Skin              |       |     4 |       |       ||     4
  Dodge: Dodged            |    21 |    57 |   134 |     7 ||   219
  Block: Tower shield      |       |       |       |    12 ||    12

Table legend: (Time is in decaauts)
 A = Elapsed time spent in this place.
 B = Non-inter-level travel time spent in this place.
 C = Inter-level travel time spent in this place.
 D = Time resting spent in this place.
 E = Time spent auto-exploring this place.
 F = Levels seen in this place.
 G = Mean time per level.
                   A        B        C        D        E       F      G
               +--------+--------+--------+--------+--------+-----+--------+
         Total |   6019 |   5741 |    278 |    399 |   3672 |   9 |  668.8 |
       Dungeon |   5455 |   5177 |    278 |    399 |   3426 |   7 |  779.3 |
         Sewer |    195 |    195 |      0 |      0 |    125 |   1 |  195.0 |
        Bailey |    368 |    368 |      0 |      0 |    120 |   1 |  368.0 |
               +--------+--------+--------+--------+--------+-----+--------+

Top non-repeatable levels by time:
     D:3: 1229 daAuts
     D:1: 1108 daAuts
     D:2: 719 daAuts
     D:5: 700 daAuts
     D:6: 641 daAuts
     D:4: 639 daAuts
     D:7: 417 daAuts
  Bailey: 368 daAuts
   Sewer: 195 daAuts
